 Dungeon Crawl Stone Soup version 0.31.0-11-ge490571c62 (webtiles) character file.

Game seed: 15087888529796633189

332 Persephone the Changeling (level 6, 0/54 HPs)
             Began as a Troll Shapeshifter on Jan 30, 2024.
             Slain by a gnoll bouda
             ... wielding a +0 whip of distortion
              (10 damage)
             ... on level 4 of the Dungeon.
             The game lasted 00:03:45 (2045 turns).

Persephone the Changeling (Troll Shapeshifter)      Turns: 2045, Time: 00:03:45

Health: 0/54       AC:  4    Str: 25    XL:     6   Next: 26%
Magic:  5/5        EV:  9    Int:  6    God:
Gold:   233        SH:  0    Dex:  9    Spells: 5/5 levels left

rFire   . .          .
                       - Unarmed
rCold   . . .        r - orb {light}
rNeg    . . .        a - +0 animal skin
rPois   .            l - melded +2 hat {SInv}
rElec   .            (cloak currently unavailable)
rCorr   .            (gloves unavailable)
SInv    .            (boots unavailable)
Will    .....        t - amulet of regeneration
Stlth   +            (no ring)
HPRegen 1.89/turn    (no ring)
MPRegen 0.09/turn

%: no passive effects
@: beast-form, glowing
A: beast (slay +3), large, unfitting armour, claws 3, regeneration 1, shaggy fur
1, tough skin 1
a: Begin Untransformation


You were on level 4 of the Dungeon.
You were a hulking beast.
You visited 1 branch of the dungeon, and saw 4 of its levels.
You visited the Abyss 1 time.

You collected 233 gold pieces.

Inventory:

Armour
 a - a +0 animal skin (worn)
 l - a +2 hat of see invisible (melded)
 r - an orb of light (worn)
Jewellery
 t - an amulet of regeneration (around neck)
 v - an amulet of magic regeneration
Talismans
 c - a beast talisman (active)
 d - a flux talisman
Scrolls
 f - 3 scrolls of identify
 g - a scroll of immolation
 h - a scroll of enchant weapon
 i - a scroll of amnesia
 j - a scroll of vulnerability
 m - a scroll of blinking
 p - a scroll of fear
 w - 3 scrolls of teleportation {unknown}
Potions
 b - 2 potions of lignification
 e - 2 potions of degeneration
 k - a potion of attraction {unknown}
 n - 2 potions of invisibility {unknown}
 o - a potion of curing {unknown}
 q - a potion of brilliance {unknown}
 s - 2 potions of haste {unknown}
 u - a potion of enlightenment {unknown}


   Skills:
 - Level 0.7 Fighting
 - Level 1.5 Dodging
 + Level 4.7 Unarmed Combat
 * Level 5.6 Shapeshifting


You had 5 spell levels left.
You didn't know any spells.
Your spell library contained the following spells:

 Spells                   Type           Power      Damage    Failure   Level
 Apportation              Tloc           0%         N/A       45%         1
 Freeze                   Ice            0%         1d3       45%         1
 Necrotise                Necr           0%         1d4       45%         1
 Sting                    Conj/Alch      0%         1d3       45%         1
 Summon Small Mammal      Summ           0%         N/A       45%         1
 Dazzling Flash           Conj/Hex       0%         N/A       83%         3
 Frozen Ramparts          Ice            0%         1d1       83%         3
 Hailstorm                Conj/Ice       0%         3d5       83%         3
 Volatile Blastmotes      Fire/Tloc      0%         2d10      83%         3
 Starburst                Conj/Fire      0%         6d3       100%        6
 Maxwell's Capacitive Co  Air            0%         ∞         100%        8


Dungeon Overview and Level Annotations

Branches:
Dungeon (4/15)
 Temple: D:4-7

Altars:
Elyvilon


Innate Abilities, Weirdness & Mutations

You are a hulking beast.
Your limbs bulge with bestial killing power. (Slay +3)
You are too large for most types of armour.
You have claws for hands.
Your natural rate of healing is unusually fast.
You are covered in fur. (AC +1)
You have tough skin. (AC +1)


Message History

The gnoll's wounds heal themselves!
You claw the gnoll!
The gnoll is almost dead.
The gnoll hits you with a +0 whip.
You scratch the gnoll.
You kill the gnoll!
A gnoll comes into view. It is wielding a +0 flail.
The gnoll bouda barks out a call to the hunt!
The gnoll picks up the pace!
The gnoll shouts!
Items here: ( )) †.
You claw the gnoll!
You kill the gnoll!
You barely miss the gnoll bouda.
The gnoll bouda hits you with a +0 whip of distortion.
You are cast into the Abyss!
This branch contains the abyssal rune of Zot.
Found a corrupted altar of Lugonu.
There is a gateway leading out of the Abyss here.
You pass through the gate.
Welcome back to the Dungeon!
The gnoll barely misses you. The gnoll bouda barely misses you.
Items here: ( )) †.
You barely miss the gnoll bouda. The gnoll hits you with a +0 flail!
You scratch the gnoll bouda.
The gnoll bouda is lightly wounded.
The gnoll bouda barely misses you. The gnoll closely misses you.
You scratch the gnoll bouda.
The gnoll bouda is moderately wounded.
The gnoll bouda hits you with a +0 whip of distortion!
Space warps horribly around you! The gnoll hits you but does no damage.
You claw the gnoll bouda!
The gnoll bouda is severely wounded.
The gnoll bouda hits you with a +0 whip of distortion!
The gnoll hits you with a +0 flail!
* * * LOW HITPOINT WARNING * * *
You scratch the gnoll bouda.
The gnoll bouda is almost dead.
The gnoll bouda hits you with a +0 whip of distortion!
You die...

...≈≈≈≈≈≈........#..##
...≈≈_....8/...###...#
...≈≈≈≈≈≈....#### ..#
....≈≈≈≈≈≈≈.....#. ..
...........$.......
.............####..
.$......[.....# .
........g...$.#
.......h......#
......g.>.....#
$..>...#..##...#
.......#### ..##
....... .... .......
.. ......# .#.#.#


You could see a gnoll bouda and a gnoll (swift).

Vanquished Creatures
  2 bombardier beetles
  An iguana (D:4)
  Jessica (D:2)
  Terence (D:2)
  10 gnolls
  3 adders
  2 dart slugs (D:2)
  2 ribbon worms
  An orc (D:4)
  6 ball pythons
  5 endoplasms
  A giant cockroach (D:1)
  7 goblins
  11 hobgoblins
  A quokka (D:3)
  3 bats
  2 frilled lizards
  A kobold (D:2)
  5 rats
65 creatures vanquished.

Notes
Turn   | Place    | Note
-------+----------+-------------------------------------------
     0 | D:1      | Persephone the Troll Shapeshifter began the quest for the
                  | Orb.
     0 | D:1      | Reached XP level 1. HP: 18/18 MP: 0/0
   143 | D:1      | Reached XP level 2. HP: 25/26 MP: 1/1
   342 | D:1      | Found a faded altar of an unknown god.
   486 | D:2      | Noticed Terence
   503 | D:2      | Reached XP level 3. HP: 9/32 MP: 2/2
   507 | D:2      | Killed Terence
   508 | D:2      | Reached skill level 4 in Shapeshifting
   517 | D:2      | Reached XP level 4. HP: 36/40 MP: 3/3
   927 | D:2      | Noticed Jessica
   932 | D:2      | Killed Jessica
  1182 | D:3      | Reached XP level 5. HP: 46/46 MP: 4/4
  1326 | D:3      | Reached skill level 5 in Shapeshifting
  1910 | D:3      | Identified a scroll of acquirement
  1913 | D:3      | Acquired a +2 hat of see invisible
  1936 | D:4      | Found a white marble altar of Elyvilon.
  1951 | D:4      | Reached XP level 6. HP: 16/54 MP: 5/5
  2032 | Abyss:1  | Cast into level 1 of the Abyss (gnoll bouda)
  2034 | Abyss:1  | Found a corrupted altar of Lugonu.
  2040 | D:4      | Escaped the Abyss
  2045 | D:4      | Slain by a gnoll bouda

Illustrated notes

Levels and vault maps discovered:
D:1:      minmay_arrival_checkered_box, layout_rooms,
          shapermc_ecumenical_altar_mp_ritualfount
D:2:      layout_basic, uniq_jessica, uniq_terence
D:3:      layout_loops_ring, kennysheep_generic_room_14
D:4:      layout_cave_pools, mainiacjoe_overflow_catwalk,
          biasface_ghost_orc_armoury, grunt_tough_drop, uniq_eustachio

Skill      XL: |  1  2  3  4  5 |
---------------+----------------+-----
Shapeshifting  | 4 5 |  5.6
Unarmed Combat | 4 |  4.7
Fighting       | |  0.7
Dodging        | |  1.5

Action                     |  1- 3 |  4- 6 || total
---------------------------+-------+-------++-------
  Melee: Unarmed           |    45 |    97 ||   142
Ability: Begin Untransform |       |     1 ||     1
    Use: Potion            |     3 |       ||     3
         Scroll            |       |     8 ||     8
 Armour: Animal skin       |    22 |    63 ||    85
  Dodge: Dodged            |    12 |    50 ||    62
   Form: Beast             |       |     1 ||     1
